[Event "Klubbmästerskap 2025 Torsdagar"]
[Site "Linköping, Sweden"]
[Date "2025.01.23"]
[Round "2.1"]
[White "Pettersson, Börje"]
[Black "Ståhlberg, Adam"]
[Result "1-0"]
[TimeControl "90 min + 30 sec/move"]
[WhiteElo "1906"]
[BlackElo "1944"]

1. e4 c6 2. d4 d5 3. Nc3 dxe4 4. Nxe4 Nf6 5. Nxf6+ exf6 6. c3 Bd6 7. Bd3 O-O 8. Ne2 Re8 9.
O-O Nd7 10. Ng3 Nf8 11. Bd2 Be6 12. Qc2 Bc7 13. Nf5 Ng6 14. g3 Qd7 15. Rad1 Rad8 16. Bc1 Qd5 17. b3 Qf3 18. Ne3 Nf4 19.
gxf4 Bxf4 20. Be4 Qh5 21. f3 f5 22. Nxf5 Bxc1 23. Rxc1 Bxf5 24. Bxf5 Re3 25. Bg4 Qh6 26. Rce1 g6 27.
Kg2 Rde8 28. Rxe3 Qxe3 29. Rf2 f5 30. Bh3 Qg5+ 31. Kf1 Qe3 32. Qd2 Qxd2 33. Rxd2 Re3 34. Bg2 Rxc3 35. f4 b6 36.
Ke2 Kf8 37. d5 cxd5 38. Rxd5 Ke7 39. Kd2 Rc7 40. a4 Ke6 41. Re5+ Kd6 42. Bd5 h6 43. Bc4 Rg7 44. Re6+ Kc7 45.
Rf6 Rd7+ 46. Kc3 Rd6 47. Rxd6 Kxd6 48. h4 1-0

[Event "Klubbmästerskap 2025 Torsdagar"]
[Site "Linköping, Sweden"]
[Date "2025.01.23"]
[Round "2.2"]
[White "Gustafsson, Nils"]
[Black "Roginski, Hugo"]
[Result "1-0"]
[TimeControl "90 min + 30 sec/move"]
[WhiteElo "1860"]
[BlackElo "1884"]

1. e4 e5 2. Nf3 Nc6 3. Bc4 Bc5 4. b4 Bxb4 5. c3 Ba5 6. d4 exd4 7. O-O Nge7 8. Ng5 d5 9. Nxf7 Kxf7 10.
exd5 Ne5 11. Bb3 Nf5 12. cxd4 Ng6 13. d6+ Kf8 14. Ba3 Nxd6 15. Nd2 Bxd2 16. Qxd2 Qf6 17. Qc3 Qd8 18. Rfe1 Ne7 19.
Re5 Nc6 20. Re3 Bg4 21. Rae1 Rc8 22. h3 Bf5 23. Rf3 Qg5 24. g4 h5 25. Rxf5+ 1-0

[Event "Klubbmästerskap 2025 Torsdagar"]
[Site "Linköping, Sweden"]
[Date "2025.01.23"]
[Round "2.3"]
[White "Halvarsson, Peter"]
[Black "Löfgren, Vide"]
[Result "1-0"]
[TimeControl "90 min + 30 sec/move"]
[WhiteElo "1927"]
[BlackElo "1928"]

1. e4 c5 2. a3 Nc6 3. b4 cxb4 4. axb4 Nxb4 5. c3 Nc6 6. d4 d5 7. exd5 Qxd5 8. Na3 e5 9. Nb5 Qd7 10.
d5 Nd8 11. d6 Ne6 12. Nf3 f6 13. Bc4 a6 14. O-O axb5 15. Bxe6 Qxe6 16. Rxa8 Kd7 17. Ba3 Nh6 18. Qb1 Bxd6 19.
Bxd6 Kxd6 20. Qxb5 Kc7 21. Rd1 Nf7 22. Ra4 Bd7 23. Qa5+ b6 24. Qa7+ Kd8 25. Ra6 Ke7 26. Rxb6 Qf5 27.
Qa3+ Ke8 28. Rb7 e4 29. Rbxd7 Qxd7 30. Rxd7 Kxd7 31. Qa7+ Ke6 32. Nd4+ Kd6 33. Qxf7 Ra8 34. Qe6+ Kc7 35.
Qc6+ Kb8 36. h3 1-0

[Event "Klubbmästerskap 2025 Torsdagar"]
[Site "Linköping, Sweden"]
[Date "2025.01.23"]
[Round "2.4"]
[White "Skytt, Klas"]
[Black "Andersson, Stefan 1975"]
[Result "0-1"]
[TimeControl "90 min + 30 sec/move"]
[WhiteElo "1764"]
[BlackElo "1937"]

1. d4 Nf6 2. c4 g6 3. Nc3 Bg7 4. Nf3 O-O 5. e4 d6 6. Be2 Nc6 7. h3 e5 8. d5 Ne7 9. g4 a5 10.
Qc2 Nd7 11. Be3 Nc5 12. Bxc5 dxc5 13. O-O-O Bd7 14. Kb1 a4 15. Rdg1 Nc8 16. g5 f5 17. gxf6 Qxf6 18. Qd2 Nd6 19.
Rg3 Qf4 20. Rh2 Nxe4 21. Nxe4 Qxe4+ 22. Bd3 Qf4 23. Qe3 Bf5 24. Bxf5 Qxf5+ 25. Kc1 e4 26. Ng5 Be5 27. Qxe4 Bf4+ 28.
Kc2 Bxg3 29. fxg3 Qxg5 30. Qe6+ Kg7 31. Qe1 Qf5+ 32. Kc3 Rae8 33. Qd2 Qe4 34. b3 Rf3+ 35. Kb2 axb3 36. axb3 Qd4+ 37.
Qxd4+ cxd4 38. c5 d3 39. Rd2 Re2 40. Kc3 Rxd2 41. Kxd2 Rf5 0-1

[Event "Klubbmästerskap 2025 Torsdagar"]
[Site "Linköping, Sweden"]
[Date "2025.01.23"]
[Round "2.5"]
[White "Stefanovic, Dragan 1958"]
[Black "Leijon, Noah"]
[Result "1-0"]
[TimeControl "90 min + 30 sec/move"]
[WhiteElo "1791"]
[BlackElo "1803"]

1. e4 c5 2. Nc3 Nc6 3. Bb5 d6 4. Bxc6+ bxc6 5. f4 Nf6 6. Nf3 Bg4 7. h3 Bxf3 8. Qxf3 Qc7 9. b3 Nd7 10.
Bb2 e5 11. O-O exf4 12. Qxf4 Ne5 13. Ne2 Rb8 14. d3 Qe7 15. Rab1 g6 16. d4 cxd4 17. Nxd4 Rc8 18. Rbd1 Bg7 19.
Ba3 c5 20. Nb5 Rd8 21. Nc3 O-O 22. Nd5 Qe6 23. Nf6+ Qxf6 24. Qxf6 Bxf6 25. Rxf6 c4 26. Rfxd6 Rc8 27. R6d5 Rfe8 28.
Bd6 Nd7 29. e5 Nb6 30. Ra5 cxb3 31. cxb3 Rcd8 32. Rxa7 Rxe5 33. Bxe5 Rxd1+ 34. Kh2 Rd5 35. Rb7 Nd7 36. Bc3 h5 37.
Rc7 Kh7 38. a4 Rd3 39. a5 Rd1 40. a6 Nb6 41. Rxf7+ Kg8 42. Rg7+ Kf8 43. Rb7 Rd6 44. a7 1-0

[Event "Klubbmästerskap 2025 Torsdagar"]
[Site "Linköping, Sweden"]
[Date "2025.01.23"]
[Round "2.6"]
[White "Snällfot, Magnus"]
[Black "Qwarfort, Fredrik"]
[Result "1/2-1/2"]
[TimeControl "90 min + 30 sec/move"]
[WhiteElo "1778"]
[BlackElo "1826"]

1. e4 d6 2. d4 Nf6 3. Bd3 g6 4. Nf3 Bg7 5. O-O O-O 6. c3 c5 7. Be3 Qc7 8. h3 b6 9. Nbd2 Nc6 10.
Rc1 e5 11. d5 Ne7 12. c4 Nh5 13. Nh4 Nf4 14. Bxf4 exf4 15. b3 f5 16. exf5 Nxf5 17. Nxf5 Bxf5 18. Bxf5 Rxf5 19. Re1 Re5 20.
Nf3 Rxe1+ 1/2-1/2

[Event "Klubbmästerskap 2025 Torsdagar"]
[Site "Linköping, Sweden"]
[Date "2025.01.23"]
[Round "2.7"]
[White "Carlsson, Ingvar"]
[Black "Rosenbecker, Daniel"]
[Result "0-1"]
[TimeControl "90 min + 30 sec/move"]
[BlackTitle "CM"]
[WhiteElo "1996"]
[BlackElo "2110"]

1. e4 e5 2. Nf3 Nc6 3. Bc4 Nf6 4. Ng5 d5 5. exd5 Na5 6. Bb5+ c6 7. dxc6 bxc6 8. Be2 h6 9. Nh3 Bc5 10.
d3 O-O 11. O-O Nb7 12. Nc3 Nd6 13. Kh1 Bxh3 14. gxh3 Bd4 15. Bf3 Nf5 16. Ne2 Bb6 17. Ng3 Nh4 18. Bxc6 Rc8 19. Bg2 Nd5 20.
c3 Nf4 21. Bxf4 exf4 22. Ne4 Re8 23. f3 f5 24. Nd2 Qg5 25. Rg1 Bxg1 26. Qxg1 Re2 27. Ne4 fxe4 28. Bf1 Qxg1+ 29. Kxg1 Nxf3+ 0-1